[Event "*** Titled Tuesday 3|2 Blitz"]
[Site "Chess.com"]
[Date "2017.03.07"]
[Round "8"]
[White "Rbrrt"]
[Black "SantoBlue"]
[Result "0-1"]
[WhiteElo "2120"]
[BlackElo "2417"]
[TimeControl "180+2"]
[EndTime "14:51:49 PST"]
[Termination "SantoBlue won by resignation"]

1. e4 e5 2. Nf3 Nc6 3. d4 exd4 4.
Nxd4 Bc5 5. Nb3 Bb6 6. Nc3 Nf6 7. g3 O-O 8. Bg2 d5 9. O-O Bg4 10. Bf3 Bh3 11. Re1 dxe4 12. Nxe4 Qxd1 13. Nxf6+ gxf6 14. Rxd1 Ne5 15. Bxb7 Rab8 16. Bg2 Bg4 17. Re1 Rfe8 18.
Be3 Nc4 19. Bxb6 axb6 20. Nd4 Nxb2 21. Bc6 Re5 22. a4 Rd8 23. c3 Nd3 24. Re3 Rxe3 25.
fxe3 Ne5 26. Rf1 Nxc6 27. Nxc6 Rd3 28. Rxf6 Bh3 29. Kf2 Rxc3 30. Ne5 Be6 31. Rf4 Rc2+ 32. Kf3 Rxh2 33. Ng4 Ra2 34. Nf6+ Kg7 35. Ne8+ Kg6 36.
Nxc7 Bd7 37. Nd5 f5 38. Nxb6 Bc6+ 39. e4 Bxe4+ 40. Ke3 Ra3+ 41. Kd4 Rxg3 42. a5 h5 43.
Nc4 Rb3 44. a6 Rb8 45. Kc5 Rc8+ 46. Kb4 Kg5 47. Rf2 h4 48. Nb6 Rc1 49. a7 Ra1 50. Na4 h3 0-1

[Event "*** Titled Tuesday 3|2 Blitz"]
[Site "Chess.com"]
[Date "2017.03.07"]
[Round "8"]
[White "GMHess"]
[Black "chito89"]
[Result "0-1"]
[WhiteElo "2590"]
[BlackElo "2558"]
[TimeControl "180+2"]
[EndTime "14:51:51 PST"]
[Termination "chito89 won by checkmate"]

1. d4 Nf6 2. c4 g6 3. Nc3 Bg7 4. e4 d6 5. Nf3 O-O 6. Be2 Bg4 7. Ng1 Bc8 8. Nf3 Bg4 9. Ng1 Bd7 10. f3 c5 11. d5 b5 12. Nxb5 Bxb5 13. cxb5 a6 14. Qa4 Nfd7 15. bxa6 Qb6 16. Rb1 Ra7 17. Be3 Nxa6 18.
a3 Rb8 19. Kf2 Nc7 20. Qxd7 Nxd5 21. Qxa7 Qxa7 22. exd5 Bxb2 23. Nh3 Qxa3 24. Nf4 Rb3 25. Nd3 Bg7 26. Rhd1 h6 27. Rxb3 Qxb3 28. Nc1 Qc2 29.
Rd3 c4 30. Ra3 Bb2 31. Ra8+ Kg7 32. Na2 Qb3 33. Nc1 Qc2 34. Na2 Be5 35. Nb4 Qb1 36. Nc6 Bc3 37. f4 Qe4 38. Rc8 Be1+ 39. Kxe1 Qxe3 40. Kd1 c3 41. Nb4 Qd2# 0-1

[Event "*** Titled Tuesday 3|2 Blitz"]
[Site "Chess.com"]
[Date "2017.03.07"]
[Round "8"]
[White "AlexanderL"]
[Black "Abrito99"]
[Result "0-1"]
[WhiteElo "2547"]
[BlackElo "2411"]
[TimeControl "180+2"]
[EndTime "14:51:56 PST"]
[Termination "Abrito99 won by resignation"]

1. e4 e6 2. d4 d5 3. Nc3 Bb4 4.
Ne2 Nc6 5. a3 Ba5 6. b4 Bb6 7.
Bb2 Nge7 8. g3 e5 9. dxe5 Nxe5 10. Bg2 Nc4 11. Bc1 d4 12. Na4 Nc6 13. Nxb6 axb6 14. b5 Nb4 15. O-O d3 16. cxd3 Qxd3 17. Nf4 Qxd1 18. Rxd1 O-O 19. Bf1 Bg4 20. Rd4 Nc2 21.
Rxc4 Nxa1 22. Rc3 Rfd8 23. Nd5 c6 24. bxc6 bxc6 25. Ne3 Be6 26. Bb2 Nb3 27. Rxc6 Nd4 28. Rxb6 Nf3+ 29. Kh1 Nd2 30. Bg2 Rab8 31. Bd4 Rxb6 32.
Bxb6 Rb8 0-1

[Event "*** Titled Tuesday 3|2 Blitz"]
[Site "Chess.com"]
[Date "2017.03.07"]
[Round "8"]
[White "VeraNebolsina"]
[Black "rithwik2002"]
[Result "1/2-1/2"]
[WhiteElo "1631"]
[BlackElo "1786"]
[TimeControl "180+2"]
[EndTime "14:51:56 PST"]
[Termination "Game drawn by repetition"]

1. e4 c5 2. Nf3 d6 3. d4 cxd4 4.
Nxd4 Nf6 5. Nc3 a6 6. f3 e5 7.
Nb3 Be6 8. Be3 Be7 9. Qd2 O-O 10. O-O-O a5 11. Kb1 a4 12. Nc1 a3 13. b3 Na6 14.
g4 Nb4 15. g5 Nh5 16. Nb5 d5 17. c3 Qa5 18. cxb4 Bxb4 19. Qf2 d4 20. Bd2 Rfc8 21. Bxb4 Qxb4 22. Qd2 Qc5 23. Bd3 Nf4 24. b4 Qb6 25. Bf1 Bc4 26. Nxa3 Rxa3 27. Qb2 Rxf3 28. Bxc4 Rxc4 29.
a3 Qc6 30. Nb3 Qxe4+ 31. Ka1 Rc2 32. Rc1 Rfc3 33. Rxc2 Rxc2 34. Rc1 Rxc1+ 35. Qxc1 g6 36. Qc8+ Kg7 37. Qd8 Qe1+ 38. Ka2 Qc3 39. Qf6+ Kf8 40.
Qd8+ Kg7 41. Qf6+ Kg8 42. Qd8+ Kg7 43. Qf6+ Kf8 44. Qd8+ Kg7 45. Qf6+ 1/2-1/2

[Event "*** Titled Tuesday 3|2 Blitz"]
[Site "Chess.com"]
[Date "2017.03.07"]
[Round "8"]
[White "Tirantes"]
[Black "jcgs1030"]
[Result "1/2-1/2"]
[WhiteElo "2275"]
[BlackElo "2294"]
[TimeControl "180+2"]
[EndTime "14:52:01 PST"]
[Termination "Game drawn by repetition"]

1. e4 c5 2. Nf3 d6 3. Bb5+ Bd7 4.
Bxd7+ Qxd7 5. c4 Nc6 6. Nc3 Nf6 7.
O-O g6 8. d4 cxd4 9. Nxd4 Bg7 10. Re1 O-O 11. Nde2 Rac8 12. Bg5 Qg4 13. Bxf6 Bxf6 14.
Rc1 Rfd8 15. b3 h5 16. h3 Qd7 17. Qd2 Qc7 18. Nd5 Qa5 19. Nxf6+ exf6 20. Qxa5 Nxa5 21. Nc3 Nc6 22. Red1 Kg7 23. Nb5 Rd7 24. Rxd6 Re7 25.
Nc3 a6 26. Kf1 Nb4 27. a3 Nc6 28. Rb1 Na5 29. f3 Rc6 30. Rd5 b5 31. Ke2 f5 32.
Kd2 fxe4 33. Nxe4 f5 34. Ng5 Rb6 35. h4 Nb7 36. c5 Rc6 37. b4 a5 38. Re1 Rxe1 39. Kxe1 Kf6 40. Rd7 Nxc5 41. bxc5 Rxc5 42. Rd6+ Ke5 43. Re6+ Kf4 44. Rxg6 Rc3 45. Nh3+ Ke3 46. Re6+ Kd4 47. Nf4 Rxa3 48. Nxh5 b4 49. Nf4 b3 50.
Ne2+ Kd3 51. Rd6+ Ke3 52. Re6+ Kd3 53. Rd6+ Ke3 54. Re6+ Kd3 55. Rd6+ Ke3 56. Re6+ Kd3 1/2-1/2

[Event "*** Titled Tuesday 3|2 Blitz"]
[Site "Chess.com"]
[Date "2017.03.07"]
[Round "8"]
[White "quesfr"]
[Black "peteseeger"]
[Result "1/2-1/2"]
[WhiteElo "2154"]
[BlackElo "2107"]
[TimeControl "180+2"]
[EndTime "14:52:15 PST"]
[Termination "Game drawn by agreement"]

1. e4 e5 2. Nf3 Nc6 3. d4 exd4 4.
Nxd4 g6 5. Nxc6 bxc6 6. Qd4 Qf6 7. Be3 Bg7 8. c3 Ne7 9. Nd2 O-O 10. Nf3 d5 11. Qxf6 Bxf6 12. exd5 cxd5 13. Bd4 Bg7 14. Bd3 Re8 15. Bxg7 Kxg7 16. O-O-O c6 17. h3 Bf5 18. Rhe1 Bxd3 19. Rxd3 Nf5 20. Rxe8 Rxe8 21. Nd4 Nxd4 22.
Rxd4 Re2 23. Rd2 Rxd2 24. Kxd2 Kf6 25. Ke3 Ke5 26. f4+ Kd6 27. Kd4 c5+ 28. Kd3 a5 29. b3 f5 30. a3 Kc6 31. b4 a4 32. g3 Kb5 33. Kd2 d4 34. bxc5 dxc3+ 35. Kxc3 Kxc5 36. Kd3 Kd5 37. g4 fxg4 38. hxg4 h5 39. f5 hxg4 40. fxg6 Ke6 41. Ke4 Kf6 42. Kf4 Kxg6 43. Kxg4 Kf6 44.
Kf4 Ke6 45. Ke4 Kd6 46. Kd4 Kc6 47. Kc4 Kb6 48. Kb4 Ka6 49. Kxa4 Kb6 50. Kb4 Ka6 1/2-1/2

[Event "*** Titled Tuesday 3|2 Blitz"]
[Site "Chess.com"]
[Date "2017.03.07"]
[Round "8"]
[White "SergeiAza"]
[Black "Vamostodorecto"]
[Result "1-0"]
[WhiteElo "2594"]
[BlackElo "2394"]
[TimeControl "180+2"]
[EndTime "14:52:18 PST"]
[Termination "SergeiAza won by resignation"]

1. e4 e5 2. Nf3 Nc6 3. Bb5 a6 4.
Ba4 Nf6 5. O-O b5 6. Bb3 Bb7 7. Re1 Bc5 8. c3 d6 9. a4 Bb6 10. d4 O-O 11. Bg5 h6 12. Bh4 g5 13. Nxg5 hxg5 14.
Bxg5 exd4 15. cxd4 Nxd4 16. Bd5 c6 17. Ra3 Kg7 18.
Rg3 Rh8 19. Bh6+ Kh7 20. Bg7 Rg8 21. Bxf6 Qxf6 22. e5 Qxf2+ 23. Kxf2 Nf5+ 24. Kf1 Nxg3+ 25. hxg3 cxd5 26. Qh5+ Kg7 27. Qg5+ Kf8 28. Qh6+ Rg7 29. exd6 Ba5 30. Re7 Rd8 31. Rxb7 Kg8 32. Nc3 Rg6 33. Qf4 Rf8 34. Nxd5 Bd8 35. Ne7+ Bxe7 36. dxe7 Re8 37. Rd7 Kg7 38. Qd4+ Rf6+ 39. Kg1 Kg6 40. Rd6 Re6 41.
Rxe6+ fxe6 42. Qd6 Kf6 43. a5 Rxe7 44. Qxa6 b4 45.
Qb6 b3 46. a6 Rb7 47. Qxb7 1-0

[Event "*** Titled Tuesday 3|2 Blitz"]
[Site "Chess.com"]
[Date "2017.03.07"]
[Round "8"]
[White "kikydu96"]
[Black "B-man"]
[Result "1-0"]
[WhiteElo "2336"]
[BlackElo "2474"]
[TimeControl "180+2"]
[EndTime "14:52:23 PST"]
[Termination "kikydu96 won by resignation"]

1. e4 c5 2. Nf3 e6 3. c3 d5 4.
exd5 Qxd5 5. d4 Nf6 6. Be3 cxd4 7. cxd4 Nc6 8. Nc3 Bb4 9. Bd3 O-O 10. O-O Qh5 11. a3 Bd6 12. h3 e5 13. Nxe5 Qxd1 14. Raxd1 Nxe5 15. dxe5 Bxe5 16. Bc5 Re8 17. Bb5 Be6 18.
Bxe8 Rxe8 19. Bxa7 Rc8 20. Bd4 Bf4 21. Bxf6 gxf6 22.
Rfe1 Kg7 23. Re4 Be5 24. Rb4 Rc7 25. f4 Bxc3 26. bxc3 Rxc3 27. a4 Rc7 28. a5 Bd7 29. Rb6 Bf5 30. Rdd6 Be4 31. Rd4 f5 32. Rd2 Rc3 33.
Rb5 Ra3 34. Re5 h6 35. g4 Rxh3 36. gxf5 Bc6 37. Rd6 Rg3+ 38. Kh2 Rg2+ 39. Kh3 Ra2 40. Kh4 Ra3 41. f6+ Kg6 42. f5+ Kh7 43. Re7 Ra4+ 44. Kg3 Ra3+ 45. Kf4 Ra4+ 46. Ke3 Ra3+ 47. Kd4 Ra4+ 48. Kc5 Rxa5+ 49. Kb6 Rb5+ 50. Kc7 Rxf5 51.
Rxf7+ Kg6 52. Rg7+ Kh5 53. f7 Bf3 54. Rd8 Rc5+ 55.
Kb8 b5 1-0

[Event "*** Titled Tuesday 3|2 Blitz"]
[Site "Chess.com"]
[Date "2017.03.07"]
[Round "8"]
[White "Anton_Demchenko"]
[Black "Hunninn"]
[Result "1-0"]
[WhiteElo "2630"]
[BlackElo "2425"]
[TimeControl "180+2"]
[EndTime "14:52:24 PST"]
[Termination "Anton_Demchenko won by resignation"]

1. e4 e5 2. Nf3 Nc6 3. Bc4 Nf6 4. d3 h6 5. O-O d6 6. Re1 g6 7. d4 Qe7 8. Nc3 exd4 9. Nd5 Nxd5 10. exd5 Ne5 11.
Nxd4 g5 12. f4 gxf4 13. Bxf4 Bg7 14. Bb5+ Bd7 15. Nf5 Qf6 16. Bxe5 dxe5 17. Bxd7+ Kxd7 18. Qg4 Bf8 19. Rf1 Qg5 20. Qa4+ Kd8 21. Qb5 Rb8 22. Rae1 Rg8 23. g3 f6 24. Qa5 b6 25. Qxa7 Bc5+ 26. Kh1 Kd7 27. Qa4+ b5 28. Qe4 Ra8 29. Qd3 Rgb8 30.
a3 Ra4 31. d6 Bxd6 32. Rd1 Rb6 33. Qd5 Qg6 34. c3 h5 35. Rd2 Rc4 36. Re2 h4 37. Nxh4 Qh7 38. Rxf6 Kc8 39. Qe6+ Kb7 40. Qf5 Qh5 41.
Qxh5 1-0

[Event "*** Titled Tuesday 3|2 Blitz"]
[Site "Chess.com"]
[Date "2017.03.07"]
[Round "8"]
[White "VerdeNotte"]
[Black "Smirnov_Pavel"]
[Result "0-1"]
[WhiteElo "2562"]
[BlackElo "2658"]
[TimeControl "180+2"]
[EndTime "14:52:27 PST"]
[Termination "Smirnov_Pavel won by resignation"]

1. e4 c5 2. Nf3 Nc6 3. Bb5 g6 4. O-O Bg7 5. Bxc6 bxc6 6. Re1 Nh6 7.
c3 O-O 8. h3 f5 9. d3 Nf7 10.
Na3 e5 11. Nc4 d6 12. b3 Be6 13. Bb2 Qd7 14. Qe2 Rae8 15. Rad1 h6 16. Nh4 Kh7 17. d4 exd4 18. cxd4 Bxc4 19. Qxc4 fxe4 20. Qc2 d5 21. dxc5 Bxb2 22. Qxb2 g5 23. f3 gxh4 24. fxe4 Ng5 25. exd5 Rxe1+ 26. Rxe1 Qxd5 27. Re7+ Rf7 28. Qc2+ Kg7 29.
Qc3+ Kg6 30. Re8 Rf1+ 31. Kxf1 Qf7+ 32. Kg1 Qxe8 33. Qd2 Qe5 34. Qd7 Qxc5+ 35. Kh2 Kf6 36. Qd8+ Ke5 37. Qh8+ Ke4 38. Qxh6 Kd3 39. Qxh4 Ne4 40. Kh1 Qd4 41. Qe1 Kc2 42. h4 Nf2+ 43. Kh2 Qxh4+ 44. Kg1 Nh3+ 45. Kf1 Qf6+ 46. Ke2 Nf4+ 47.
Kf1 Nd3+ 0-1

[Event "*** Titled Tuesday 3|2 Blitz"]
[Site "Chess.com"]
[Date "2017.03.07"]
[Round "8"]
[White "Feegus"]
[Black "littleozy"]
[Result "0-1"]
[WhiteElo "2374"]
[BlackElo "2308"]
[TimeControl "180+2"]
[EndTime "14:52:32 PST"]
[Termination "littleozy won on time"]

1. Nf3 Nf6 2. g3 g6 3. Bg2 Bg7 4. O-O O-O 5. c4 c5 6. d4 cxd4 7. Nxd4 Nc6 8. Nc3 Ne5 9. b3 d6 10. h3 Rb8 11. f4 Nc6 12. e4 Nxd4 13. Qxd4 Nxe4 14. Qxe4 Bxc3 15. Be3 Bf5 16. Qf3 a6 17. g4 Bd7 18. Rac1 Bc6 19. Qg3 Bxg2 20. Qxg2 Bg7 21. f5 Qa5 22. Bg5 Rfe8 23. Rce1 e6 24. Bd2 Qxa2 25.
f6 Bf8 26. Rf3 b5 27. c5 dxc5 28. h4 Rbd8 29. Re2 Rd4 30. Be3 Qb1+ 31. Rf1 Rd1 32. Rf2 Rxf1+ 33. Rxf1 Qxb3 34. Rf3 Qd1+ 35. Rf1 Qd5 36. Qh3 c4 37. h5 Qd3 38. hxg6 Qxg6 39. Rf2 Rd8 40. Qf3 Qb1+ 41. Rf1 Qg6 42. Rf2 Rd3 0-1

[Event "*** Titled Tuesday 3|2 Blitz"]
[Site "Chess.com"]
[Date "2017.03.07"]
[Round "8"]
[White "RamonManon0g"]
[Black "MatBobula"]
[Result "1/2-1/2"]
[WhiteElo "2291"]
[BlackElo "2275"]
[TimeControl "180+2"]
[EndTime "14:52:36 PST"]
[Termination "Game drawn by repetition"]

1. d4 Nf6 2. Bg5 Ne4 3. Bf4 d5 4. f3 Nd6 5. e4 dxe4 6. Nc3 Bf5 7. fxe4 Nxe4 8. Qf3 Nxc3 9. bxc3 e6 10. Qxb7 Qd5 11.
Qc8+ Qd8 12. Bb5+ c6 13. Bxc6+ Nxc6 14. Qxc6+ Ke7 15. Nf3 Rc8 16. Qb7+ Qd7 17. Qxd7+ Kxd7 18. Kd2 f6 19. Rab1 Be4 20. Rhe1 Bd5 21. Rb5 Bd6 22. Bxd6 Kxd6 23. Ra5 Rc7 24. Ra6+ Kd7 25. Rb1 Rhc8 26. Ne1 g5 27. Nd3 Bc4 28. Ra3 Bxd3 29. cxd3 a6 30. c4 Rc6 31. Rb7+ R8c7 32. Rb8 Rc8 33. Rb4 h5 34. Rba4 Ra8 35. Rb3 Ra7 36. c5 f5 37.
Rb8 Rc8 38. Rb6 Rc6 39. Rab4 Rac7 40. Rb8 Rc8 41. R4b7+ R6c7 42. Rxc7+ Kxc7 43. Rxc8+ Kxc8 44. h4 gxh4 45. Ke3 Kd7 46. d5 e5 47. c6+ Kd6 48. d4 e4 49. Kf4 a5 50. a4 Kc7 51. Ke3 Kd6 52. Kf4 Kc7 53. Ke3 Kd6 54. Kf4 Kc7 55. Ke3 Kd6 56. Kf4 1/2-1/2

[Event "*** Titled Tuesday 3|2 Blitz"]
[Site "Chess.com"]
[Date "2017.03.07"]
[Round "8"]
[White "eldur16"]
[Black "SCIM"]
[Result "1-0"]
[WhiteElo "2343"]
[BlackElo "2321"]
[TimeControl "180+2"]
[EndTime "14:52:41 PST"]
[Termination "eldur16 won on time"]

1. c4 g6 2. Nc3 c5 3. Nf3 Nc6 4. e3 Bg7 5. d4 cxd4 6. exd4 d6 7.
d5 Ne5 8. Nxe5 Bxe5 9. Be2 Bg7 10. O-O Nf6 11. Be3 O-O 12. h3 Bf5 13. Bd4 a6 14.
Re1 Rc8 15. Qd2 Qa5 16. a3 Ne4 17. Qe3 Nxc3 18. bxc3 Bxd4 19. cxd4 Rfe8 20. Qb3 Rc7 21. Bf1 Rec8 22. Re3 Qd2 23. Rae1 Kf8 24. c5 Qxd4 25.
c6 bxc6 26. Bxa6 Ra8 27. Bb7 Rb8 28. dxc6 e5 29. Rd1 Qc5 30. Rc3 Qa5 31. Rxd6 Be6 32. Qb4 Qxb4 33. axb4 Ke7 34. Rd1 Bf5 35. b5 Bc8 36. b6 Rcxb7 37. cxb7 Bxb7 38. Rc7+ Ke6 39. Rdd7 Bd5 40. b7 f5 41. Rxh7 e4 42. g3 Kd6 43.
h4 Ke5 44. Rhe7+ Kd6 45. Kf1 Rd8 46. Red7+ 1-0

[Event "*** Titled Tuesday 3|2 Blitz"]
[Site "Chess.com"]
[Date "2017.03.07"]
[Round "8"]
[White "rasmussvane"]
[Black "DeviatkinAndrey"]
[Result "0-1"]
[WhiteElo "2496"]
[BlackElo "2555"]
[TimeControl "180+2"]
[EndTime "14:52:44 PST"]
[Termination "DeviatkinAndrey won by resignation"]

1. Nf3 d5 2. d4 Nf6 3. c4 c6 4.
Nc3 dxc4 5. a4 Bf5 6. Ne5 Nbd7 7. Nxc4 Nb6 8. Ne5 a5 9. Bg5 g6 10. e3 Bg7 11. Bd3 Be6 12. Be2 O-O 13. O-O Nbd5 14. Bf3 Nxc3 15. bxc3 Nd5 16. Bxd5 cxd5 17. Nd3 b6 18.
Nf4 Bf5 19. Qb3 f6 20. Bh4 g5 21. Qxd5+ e6 22. Qxd8 Rfxd8 23. e4 Bxe4 24. Nxe6 gxh4 25. Nxd8 Rxd8 26. Rfe1 f5 27. f3 Bd5 28. Rab1 Rd6 29. Re7 h3 30. gxh3 Rc6 31. Kf2 Rxc3 32. Rg1 Bf7 33.
Rd1 Kf8 34. Rb7 Bd5 35. Rxb6 Rxf3+ 36. Ke1 Rxh3 37. Rb5 Be4 38. Rd2 Bh6 39. Rdb2 Ra3 40. Rxa5 Kg7 41. Rb6 Ra1+ 42. Ke2 Ra2+ 43. Kd1 Bf3+ 44.
Ke1 Bd2+ 45. Kf1 Bxa5 46. Rb5 Rxa4 47. Rxf5 Be4 48. Re5 Bg6 49. d5 Ra1+ 50. Kg2 Bb4 51.
Re6 Rd1 52. Rb6 Bc5 53. Rb7+ Kf6 0-1

[Event "*** Titled Tuesday 3|2 Blitz"]
[Site "Chess.com"]
[Date "2017.03.07"]
[Round "8"]
[White "Incognito_Knight"]
[Black "Dr-Bassem"]
[Result "1-0"]
[WhiteElo "2428"]
[BlackElo "2626"]
[TimeControl "180+2"]
[EndTime "14:52:54 PST"]
[Termination "Incognito_Knight won on time"]

1. e4 e5 2. Nf3 Nc6 3. Bb5 a6 4.
Ba4 Nf6 5. O-O Be7 6. Re1 b5 7. Bb3 d6 8. c3 O-O 9. h3 Nb8 10.
d4 Nbd7 11. Nbd2 Bb7 12. Bc2 Re8 13. Nf1 Bf8 14. Ng3 g6 15. a4 c5 16. d5 c4 17.
Bg5 h6 18. Be3 Nc5 19. Bxc5 dxc5 20. Nf1 Nd7 21. Ne3 h5 22. Nd2 Bh6 23. Nb1 Nb6 24. axb5 axb5 25. Rxa8 Bxa8 26. Na3 Bxe3 27. Rxe3 b4 28. Nb5 Qd7 29. Rg3 Qxb5 30. Qxh5 Kg7 31. h4 Qd7 32. Qg5 Qe7 33. Qg4 b3 34. Bd1 Bb7 35.
h5 Bc8 36. Qf3 g5 37. Qe3 f6 38. Bf3 Kh6 39. Be2 Bd7 40. Rf3 Ra8 41. Kh2 Ra2 42. Qd2 Qd6 43. Rg3 Na4 44. Bxc4 Rxb2 45. Qe3 Nb6 46. Be2 Rc2 47. Bd1 1-0

[Event "*** Titled Tuesday 3|2 Blitz"]
[Site "Chess.com"]
[Date "2017.03.07"]
[Round "8"]
[White "tjallkompall"]
[Black "Zhani-Z"]
[Result "0-1"]
[WhiteElo "2457"]
[BlackElo "2338"]
[TimeControl "180+2"]
[EndTime "14:52:55 PST"]
[Termination "Zhani-Z won on time"]

1. d4 e6 2. Bf4 c5 3. e3 d5 4. c3 Nf6 5. Nf3 Nc6 6. Nbd2 Bd6 7.
Bg3 Qe7 8. Bb5 Bd7 9. O-O O-O 10. Re1 a6 11. Bxc6 Bxc6 12. Ne5 Rfc8 13. f3 Bxe5 14. dxe5 Nd7 15. e4 dxe4 16. Nxe4 Bxe4 17. Rxe4 Rc6 18.
Qc2 c4 19. Rd1 b5 20. Rh4 h6 21. Rdd4 Nf8 22. Rhg4 Ng6 23. h4 Qc5 24. Qe4 Rd8 25. h5 Ne7 26. Bf2 Rxd4 27. Bxd4 Qd5 28. Qe2 Nf5 29. Rf4 Rc8 30. g4 Ne7 31. Bb6 Qc6 32. Bf2 Rd8 33. Rd4 Rxd4 34. Bxd4 Nd5 35. Qe4 b4 36.
cxb4 Qa4 37. a3 Qd1+ 38. Kg2 Qd2+ 39. Bf2 Nf4+ 40. Kg3 Ne2+ 41. Kg2 Nf4+ 42. Kg3 Nd3 43. Qd4 Qxb2 44. Qxb2 Nxb2 45. Bd4 Nd1 46. a4 c3 47. Bxc3 Nxc3 48. b5 axb5 49. a5 b4 50. Kf2 b3 0-1

[Event "*** Titled Tuesday 3|2 Blitz"]
[Site "Chess.com"]
[Date "2017.03.07"]
[Round "8"]
[White "Cecile_Haussernot"]
[Black "morphy1984"]
[Result "0-1"]
[WhiteElo "2266"]
[BlackElo "2483"]
[TimeControl "180+2"]
[EndTime "14:53:03 PST"]
[Termination "morphy1984 won by resignation"]

1. Nf3 f5 2. g3 Nf6 3. Bg2 g6 4. d4 Bg7 5. Nc3 O-O 6. Bf4 d6 7. Qd2 c6 8. h4 Na6 9. O-O-O b5 10. h5 Nxh5 11. Bh6 b4 12. Bxg7 Kxg7 13. Rxh5 gxh5 14. Qg5+ Kh8 15. Rh1 Qe8 16. Rxh5 Rg8 17. Qh6 Qg6 18. Nd1 Qxh6+ 19. Rxh6 Bd7 20. Ne3 Nc7 21.
Rh5 Raf8 22. Ng5 Rg7 23. Nh3 e6 24. Nf4 Be8 25. Rh6 Bf7 26. Bxc6 Kg8 27. d5 exd5 28. Nxf5 Rg5 29. Nxd6 Bg6 30. Bd7 Rd8 31. Nxg6 Rxg6 32.
Rxg6+ hxg6 33. Bg4 Rxd6 34. Bf3 Kg7 35. Kd2 Kf6 36. Kd3 Ke5 37. Bg2 Ne6 38. f4+ Kf6 39. e3 Rd8 40. Bf3 g5 41. Bg2 gxf4 42. gxf4 Ke7 43.
Bf3 Kd6 44. Bg2 Nc5+ 45. Kd4 Ne6+ 46. Kd3 Rg8 47. Bf3 Rg3 48. Ke2 d4 49. f5 Ng5 50.
Bb7 Rxe3+ 51. Kd2 Ke5 52. Bc8 Nf3+ 0-1

[Event "*** Titled Tuesday 3|2 Blitz"]
[Site "Chess.com"]
[Date "2017.03.07"]
[Round "8"]
[White "StellarChessPro"]
[Black "plouarzel"]
[Result "1-0"]
[WhiteElo "2341"]
[BlackElo "2346"]
[TimeControl "180+2"]
[EndTime "14:53:04 PST"]
[Termination "StellarChessPro won by checkmate"]

1. d4 Nf6 2. Bg5 e6 3. e4 h6 4. Bxf6 Qxf6 5. c3 d5 6. Bd3 c5 7.
Ne2 Nc6 8. exd5 exd5 9. O-O cxd4 10. Nxd4 Nxd4 11. cxd4 Bd6 12. Bb5+ Kf8 13. Re1 Be6 14.
Nc3 h5 15. Qe2 h4 16. Nxd5 Qg5 17. Nc3 Qf4 18. g3 hxg3 19. fxg3 Qxd4+ 20. Kg2 Bh3+ 21. Kh1 Be6 22. Rad1 Qc5 23. Qg2 Qb6 24. a4 a6 25.
a5 Qc7 26. Ne4 Be7 27. Bd3 Qxa5 28. Bb1 Qb4 29. Qf2 Rd8 30. Rxd8+ Bxd8 31. Nc3 Bf6 32. Qd2 Qb6 33. Be4 g6 34. Bg2 Kg7 35. Rf1 Qd8 36. Qf2 b5 37. Ne4 Bxb2 38. Qxb2+ Kh6 39. Nf6 Bf5 40.
Ne4 Qb6 41. Qc1+ Kg7 42. Qf4 Qe6 43. Ng5 Qf6 44. Ne4 Qe6 45. Nc5 Qb6 46. Qd4+ Kh7 47. Qd5 Qa7 48. Qe5 Rc8 49. Ne4 Bxe4 50. Bxe4 Rc7 51.
Qf4 Kg7 52. Qf6+ Kh7 53. Kg2 b4 54. h4 a5 55. h5 b3 56. hxg6+ fxg6 57. Rh1+ Kg8 58.
Rh8# 1-0

[Event "*** Titled Tuesday 3|2 Blitz"]
[Site "Chess.com"]
[Date "2017.03.07"]
[Round "8"]
[White "Gordima"]
[Black "Izoria123"]
[Result "0-1"]
[WhiteElo "2490"]
[BlackElo "2572"]
[TimeControl "180+2"]
[EndTime "14:53:06 PST"]
[Termination "Izoria123 won by resignation"]

1. Nf3 g6 2. c4 Bg7 3. g3 Nf6 4.
Bg2 O-O 5. O-O d6 6. d4 c6 7. Nc3 Qa5 8. e4 e5 9. Be3 Ng4 10. Bc1 exd4 11. Nxd4 Ne5 12. Nb3 Qb4 13.
c5 dxc5 14. Be3 Na6 15. a3 Qc4 16. f4 Ng4 17. Bc1 Be6 18. f5 gxf5 19. exf5 Rad8 20. Qe1 Bxf5 21. Rxf5 Qxb3 22. Rg5 f5 23. Qe7 Qf7 24.
Qxf7+ Kxf7 25. Rxf5+ Kg8 26. Rxf8+ Rxf8 27. h3 Bd4+ 28.
Kh1 Nf2+ 29. Kh2 Nd3 30. Bh6 Rf6 31. Bg5 Rf2 32. Ne4 Rxb2 33. Rf1 h5 34. h4 Ne5 35.
Kh3 Ng4 36. Rf5 c4 37. Bf4 Nf2+ 38. Nxf2 Rxf2 39. Rxh5 c3 40. Rg5+ Kf7 41. Be4 Nc5 42. Bg6+ Kf6 43. h5 c2 44. Rf5+ Ke6 45. h6 Rxf4 46. Rxf4 c1=Q 47. h7 Qh1+ 48. Kg4 Be5 49. Rf8 Nd7 50. Re8+ Kd6 51. Kf5 Qh6 52. Re6+ Kc7 53.
Re8 Qg7 54. Rg8 Qf6+ 55. Kg4 Qe7 56. Kf5 Bg7 57. Kg4 Ne5+ 58. Kh5 Nxg6 59. Kxg6 Qf6+ 60. Kh5 Qh6+ 0-1

[Event "*** Titled Tuesday 3|2 Blitz"]
[Site "Chess.com"]
[Date "2017.03.07"]
[Round "8"]
[White "arna"]
[Black "Vrolijk"]
[Result "1-0"]
[WhiteElo "2260"]
[BlackElo "2308"]
[TimeControl "180+2"]
[EndTime "14:53:08 PST"]
[Termination "arna won by resignation"]

1. e4 c6 2. d4 d5 3. Nc3 dxe4 4.
Nxe4 Bf5 5. Ng3 Bg6 6. h4 h6 7.
Nh3 Nd7 8. Nf4 Bh7 9. Bc4 e6 10.
O-O Ngf6 11. Re1 Be7 12. Bxe6 fxe6 13. Nxe6 Qa5 14. Bd2 Qb6 15. Nxg7+ Kf7 16. Qe2 Rhe8 17. Nxe8 Rxe8 18. Bxh6 Bd6 19. Qc4+ Nd5 20. Rxe8 Kxe8 21. Re1+ Kd8 22. Qb3 Qxd4 23. Ne2 Qxh4 24. Qh3 Qxh3 25. gxh3 Ne5 26. Nd4 Kc8 27. Bg7 Nd7 28. c3 Bg6 29. h4 Nf4 30. Ne6 Nd3 31. Rd1 Bb8 32.
b3 N7e5 33. Kf1 b5 34. Bxe5 Bxe5 35. h5 Bf5 36. Nd4 Bh3+ 37. Ke2 Nf4+ 38. Kf3 Nxh5 39. Nxc6 Bxc3 40. Nxa7+ Kb7 41. Nxb5 Be5 42. Nd6+ Kc6 43. Nc4 Bc7 44. Rh1 Nf4 45. Ne3 Be6 46. Rc1+ Kd7 47.
Rxc7+ Kxc7 48. Kxf4 Kb6 49. Ke5 Bg8 50. f4 Kb5 51.
Nd5 Kc5 52. Nf6 Bf7 53. f5 Kb4 54. Nd5+ Ka3 55. b4 Kxa2 56. b5 Be8 57. b6 Bc6 58. f6 1-0

[Event "*** Titled Tuesday 3|2 Blitz"]
[Site "Chess.com"]
[Date "2017.03.07"]
[Round "8"]
[White "amaidel"]
[Black "TenisMaster"]
[Result "0-1"]
[WhiteElo "2450"]
[BlackElo "2595"]
[TimeControl "180+2"]
[EndTime "14:53:09 PST"]
[Termination "TenisMaster won by checkmate"]

1. Nf3 d5 2. d4 Nf6 3. c4 e6 4. g3 Bb4+ 5. Bd2 Bd6 6. Bg2 O-O 7. O-O c6 8. Qc2 Nbd7 9. Bf4 Bxf4 10.
gxf4 b6 11. e3 Bb7 12. Nbd2 Rc8 13. b4 c5 14. bxc5 bxc5 15. Rab1 Qc7 16. cxd5 Bxd5 17. Rfc1 Qd8 18. Qa4 Ne4 19. Nb3 c4 20. Na5 Nb6 21. Qa3 g5 22. fxg5 Nxg5 23. Ne5 Ne4 24. f3 Nd6 25. e4 Ba8 26. Qe3 f6 27. Ng4 Kh8 28.
f4 Rg8 29. h3 h5 30. f5 Qf8 31.
Nh6 Rg5 32. h4 Rxg2+ 33. Kxg2 Nxe4 34. Kh2 Qd6+ 35. Kh3 Rc7 36. Rg1 Kh7 37. Rg6 Nd5 38. Nf7 Nxe3 39. Nxd6 Nxd6 40. Rb8 Ndxf5 41. Rgg8 Rg7 42.
Rh8+ Kg6 43. Rxa8 Ne7 44. Rxa7 Kf5 45. Re8 N3d5 46. Nc6 Nf4+ 47. Kh2 Rg2+ 48. Kh1 c3 49. Nxe7+ Ke4 50. Rc7 Rc2 51. Rec8 Ne2 52. a4 Kf3 53. a5 Ng3+ 54. Kg1 Rc1+ 55. Kh2 Rh1# 0-1

[Event "*** Titled Tuesday 3|2 Blitz"]
[Site "Chess.com"]
[Date "2017.03.07"]
[Round "8"]
[White "Hanging_pointer"]
[Black "saraswathii"]
[Result "1/2-1/2"]
[WhiteElo "2276"]
[BlackElo "2165"]
[TimeControl "180+2"]
[EndTime "14:53:09 PST"]
[Termination "Game drawn by agreement"]

1. e4 c5 2. Nf3 e6 3. d4 cxd4 4.
Nxd4 Nf6 5. Nc3 Nc6 6. Ndb5 Bb4 7. a3 Bxc3+ 8. Nxc3 d5 9. exd5 exd5 10. Bd3 d4 11. Ne2 O-O 12. O-O Qd5 13. c4 dxc3 14.
Nxc3 Qh5 15. Qxh5 Nxh5 16. Re1 Be6 17. Be3 a6 18. Be4 Rac8 19. Rad1 Nf6 20. Bf3 Bg4 21.
Bxg4 Nxg4 22. Rd7 b5 23. h3 Nge5 24. Rb7 Nc4 25. Bc1 Rfe8 26. Rxe8+ Rxe8 27. Kf1 Nd4 28. b3 Nxb3 29. Bf4 Nc5 30. Ra7 Nd3 31. Be3 Nxa3 32. Rxa6 b4 33. Ne4 Nc4 34. Ke2 Nde5 35. Nd2 Nxd2 36.
Kxd2 f6 37. Bd4 Rd8 38. Ke3 Nc4+ 39. Ke4 Nd6+ 40. Kf3 Nb5 41. Bc5 b3 42. Rb6 Nc3 43. Rxb3 Rd3+ 44. Kg4 Kf7 45. Rb7+ Kg6 46. Be3 Nd5 47.
Kf3 h5 48. Ke4 Rd1 49. g4 hxg4 50. hxg4 Nxe3 51. fxe3 Rf1 52. Rb5 Rg1 53. Kf3 Rf1+ 54. Kg3 Re1 55. Kf2 Rc1 1/2-1/2